Unix NetHack Version 5.0.0-0 post-release - last build May 31 2026 23:59:36 (970b52f25bf058293b47ddfd14a1e40e571c508c,branch:main).

Game began 2026-06-03 15:10:27, ended 2026-06-03 15:19:27.

Anarchos, chaotic male dwarven Valkyrie

                          -----
            -------       |....###   )
            |......#      |...|  ##                               ----------
            |...<.|#      |^..|   # ------        ---------       |.).?.[![|
            |.....|#      -.-.-   # |....| #######......{.|   ####-....[**.|
            |.....|#       ###    ##-.....##      |........####   |..+.....|
            |.....|####     ##      |..>.|     *  |.......|       |@%....).|
            -------   #     ##      |....|        |.......|       ----------
                      ## #  ##   )  ------        ---------
                       #----.-                       #  #
                       #|....|
                       #.....|       *
                        |....|
                ([      ------       [                          [
                         #

Anarchos the Stripling      St:18/01 Dx:15 Co:14 In:7 Wi:9 Ch:7  Chaotic
Dlvl:2  $:0  HP:0(23) Pw:2(2) AC:3  Xp:2/24 T:1166  Blind Hallu

Latest messages:
 You finish your dressing maneuver.
 Your mind oscillates wildly.
 The crested helmet glows sour for a moment.
 My brain hurts!
 What do you want to read? [uB or ?*] ?
 Oh, bummer!  Everything is dark!  Help!
 You feel less trippy now.
 You can move again.
 What do you want to read? [uB or ?*] B
 Being blind, you cannot read the mystic runes.
 You feel an unseen monster!
 It hits!
 It hits!
 It misses!
 It misses!
 It misses!
 It misses!
 It hits!
 It just misses!
 It hits!
 It hits!
 It hits!
 It misses!
 It misses!
 It hits!
 It misses!
 What do you want to read? [uB or ?*] B
 Being blind, you cannot read the mystic runes.
 You feel an unseen monster!
 You feel an unseen monster!
 You feel an unseen monster!
 You feel an unseen monster!
 You feel an unseen monster!
 You hear dishes being washed!
 You feel an unseen monster!
 It hits!
 It hits!
 It misses!
 It hits!
 It misses!
 It hits!
 It hits!
 You die...
 Budereyri comes and takes all your possessions.
 Do you want to see what you had when you died? [ynq] (y) y
 Do you want to see your attributes? [ynq] (y) y
 Do you want an account of creatures vanquished? [ynaq] (y) y
 Do you want a list of species genocided? [ynq] (y) y
 Do you want to see your conduct and achievements? [ynq] (y) y
 Do you want to see the dungeon overview? [ynq] (y) y

Inventory:
 Weapons  (')')
  b - a +0 dagger
  a - a +1 dwarvish spear (weapon in right hand)
 Armor    ('[')
  i - a cursed +0 helm of opposite alignment (being worn)
  m - an uncursed +0 orcish helm
  I - an uncursed +0 banded mail (being worn)
 Comestibles  ('%')
  d - 2 uncursed food rations
  n - a cursed food ration
  f - an uncursed tripe ration
 Spellbooks  ('+')
  u - an uncursed spellbook of confuse monster
  B - an uncursed spellbook of dig
 Potions  ('!')
  k - an uncursed potion of healing
  F - an uncursed potion of water
 Rings    ('=')
  e - an uncursed ring of invisibility (on left hand)
 Wands    ('/')
  A - a wand of fire (0:5)
  H - a cursed wand of opening (0:6)
  z - a wand of sleep (0:8)
  G - a wand of stasis (0:6)
 Tools    ('(')
  q - an empty uncursed sack
  s - an empty uncursed sack
 Gems/Stones  ('*')
  l - an uncursed aquamarine stone

Anarchos the Valkyrie's attributes:

Background:
 You were a Stripling, a level 2 male dwarven Valkyrie.
 You were chaotic, temporarily on a mission for Loki
 who was opposed by Tyr (lawful) and Odin (neutral).
 You were actually lawful.
 You started out female.
 You were right-handed.
 You were in the Dungeons of Doom, on level 2.
 You entered the dungeon 1166 turns ago.
 You had 24 experience points, 16 more were needed to attain level 3.

Basics:
 You had 0 out of 23 hit points.
 You had both energy points (spell power).
 Your armor class was 3.
 Your wallet was empty.
 Autopickup was on, but temporarily disabled while inside the shop.

Final Characteristics:
 Your strength was 18/01 (peak:18/05, limit:18/100).
 Your dexterity was 15 (limit:20).
 Your constitution was 14 (limit:20).
 Your intelligence was 7 (limit:16).
 Your wisdom was 9 (limit:16).
 Your charisma was 7 (limit:16).

Final Status:
 You were hallucinating.
 You were temporarily blind.
 You weren't hungry.
 You were unencumbered.
 You were wielding a spear.
 You had basic skill with spear.

Final Attributes:
 You were nominally aligned.
 You were cold resistant.
 You had infravision.
 You were invisible.
 You were warded.
 Your spell casting was impaired by metallic armor.
 You are dead.

Miscellaneous:
 You didn't encounter any bones levels.
 Total elapsed playing time was 8 minutes and 59 seconds.

Major events:
 Turn
    1: Anarchos the lawful dwarven Valkyrie entered the dungeon
  914: performed his first genocide (minotaurs)
 1166: killed by a goblin

Spells:
 Name                 Level Category     Fail Retention
 confuse monster        1   enchantment  100%  76%-100%

Skills:
 Fighting Skills
   bare handed combat [Unskilled]
   two weapon combat  [Unskilled]
   riding             [Unskilled]
 Weapon Skills
   dagger             [Basic]
   axe                [Unskilled]
   pick-axe           [Unskilled]
   short sword        [Unskilled]
   broadsword         [Unskilled]
   long sword         [Unskilled]
   two-handed sword   [Unskilled]
   saber              [Unskilled]
   hammer             [Unskilled]
   quarterstaff       [Unskilled]
   polearms           [Unskilled]
   spear              [Basic]
   trident            [Unskilled]
   lance              [Unskilled]
   sling              [Unskilled]
 Spellcasting Skills
   attack spells      [Unskilled]
   escape spells      [Unskilled]

Voluntary challenges:
 Character rerolling was not enabled.
 You were an atheist.
 You genocided 1 type of monster.
 You never polymorphed an object.
 You never changed form.
 You used no wishes.
Achievement:
 You entered a shop.

 The Dungeons of Doom: levels 1 to 2
    Level 1:
    Level 2: <- You were here.
       A general store, a sink.
       Final resting place for
          you, killed by a goblin.


Vanquished creatures:
  a little dog
  a gecko
  2 goblins
  a sewer rat
  6 grid bugs
  3 newts
14 creatures vanquished.

Genocided species:
 minotaurs
1 species genocided.

Game over:
                       ----------
                      /          \
                     /    REST    \
                    /      IN      \
                   /     PEACE      \
                  /                  \
                  |     Anarchos     |
                  |       0 Au       |
                  |   killed by a    |
                  |      goblin      |
                  |                  |
                  |                  |
                  |       2026       |
                 *|     *  *  *      | *
        _________)/\\_//(\/(/\)/\//\/|_)_______

Farvel Anarchos the Valkyrie...

You died in The Dungeons of Doom on dungeon level 2 with 206 points,
and 0 pieces of gold, after 1166 moves.
You were level 2 with a maximum of 23 hit points when you died.

